[Event "42nd Olympiad Baku 2016 Open"]
[Site "Baku"]
[Date "2016.09.02"]
[Round "1.25"]
[White "Maze, Sebastien"]
[Black "Cu Hor, Winston Darwin"]
[Result "1-0"]
[ECO "B51"]
[WhiteElo "2617"]
[BlackElo "2318"]
[PlyCount "62"]
[EventDate "2016.??.??"]
[EventCountry "AZE"]
[WhiteTeam "Frankreich"]
[BlackTeam "Guatemala"]
[WhiteTeamCountry "FRA"]
[BlackTeamCountry "GUA"]
[TimeControl "40/5400+30:1800+30"]
[WhiteClock "0:40:00"]
[BlackClock "0:03:09"]

1. e4 {(00:00} c5 {(00:00} 2. Nf3 {(00:00} d6 {(
00:00} 3. Bb5+ {(00:00} Nc6 {(00:04} 4. O-O {(00:00}
Bd7 {(00:34} 5. Re1 {(00:00} a6 {(00:07} 6. Bxc6 {
(00:25} Bxc6 {(00:08} 7. d4 {(00:02} cxd4 {(00:
52} 8. Nxd4 {(00:06} Nf6 {(01:29} 9. Nxc6 {(00:44}
bxc6 {(00:08} 10. Qf3 {(00:03} e5 {(07:12} 11. Bg5 {
(04:36} Be7 {(01:17} 12. Nd2 {(01:34} O-O {(07:
44} 13. Nc4 {(03:56} Ne8 {(15:05} 14. Bxe7 {(00:47}
Qxe7 {(00:06} 15. Rad1 {(00:04} Qe6 {(00:33} 16. Qb3 {
(04:41} Rd8 {(13:02} 17. Na5 {(27:35} Qc8 {(20:
50} 18. Qa4 {(03:16} Qc7 {(06:44} 19. Nxc6 {(00:20}
Rc8 {(01:07} 20. Nb4 {(00:06} a5 {(04:05} 21. Nd5 {
(00:10} Qxc2 {(01:33} 22. Qxa5 {(00:09} Rc5 {(
03:35} 23. Qd2 {(00:30} Qa4 {(00:54} 24. b3 {(00:45}
Qa3 {(00:45} 25. Nb6 {(00:31} Qa7 {(01:32} 26. Nc4 {
(01:27} Nc7 {(02:14} 27. Qxd6 {(02:35} Nb5 {(01:
42} 28. Qd2 {(01:42} h6 {(01:55} 29. Qb2 {(04:23} Ra8
{(02:15} 30. a4 {(03:42} Nd4 {(00:47} 31. Nxe5 {
(01:21} Ne6 {(04:02} 1-0

[Event "42nd Olympiad Baku 2016 Open"]
[Site "Baku"]
[Date "2016.09.02"]
[Round "1.1"]
[White "Mchedlishvili, Mikheil"]
[Black "Wynn Zaw Htun"]
[Result "1/2-1/2"]
[ECO "A30"]
[WhiteElo "2609"]
[BlackElo "2407"]
[PlyCount "142"]
[EventDate "2016.??.??"]
[EventCountry "AZE"]
[WhiteTeam "Georgien"]
[BlackTeam "Myanmar"]
[WhiteTeamCountry "GEO"]
[BlackTeamCountry "MYA"]
[TimeControl "40/5400+30:1800+30"]
[WhiteClock "0:15:35"]
[BlackClock "0:14:20"]

1. c4 {(00:00} c5 {(00:00} 2. Nf3 {(00:06} g6 {(
00:13} 3. d4 {(01:33} cxd4 {(00:05} 4. Nxd4 {(00:06}
Nf6 {(01:11} 5. Nc3 {(01:21} Nc6 {(00:25} 6. g3 {
(02:53} Bg7 {(04:08} 7. Bg2 {(00:18} O-O {(01:
50} 8. O-O {(00:22} d6 {(02:57} 9. Nxc6 {(02:02} bxc6
{(00:02} 10. Bxc6 {(00:29} Bh3 {(00:11} 11. Bxa8 {
(05:01} Qxa8 {(00:04} 12. f3 {(01:05} Bxf1 {(00:
55} 13. Kxf1 {(01:00} Rc8 {(04:15} 14. Qd3 {(05:08}
Qc6 {(12:21} 15. b3 {(13:00} d5 {(21:40} 16. Nxd5 {
(01:56} Nxd5 {(00:08} 17. cxd5 {(00:25} Qd7 {(
01:44} 18. Rb1 {(01:43} Rc5 {(01:12} 19. Kg2 {(13:26}
Rxd5 {(00:17} 20. Qc2 {(00:07} Bd4 {(06:50} 21. Bb2 {
(14:15} Bb6 {(06:49} 22. Rc1 {(04:04} Rd2 {(01:
55} 23. Qc8+ {(00:06} Qd8 {(00:03} 24. Qa6 {(02:23}
Qd7 {(07:22} 25. Bc3 {(05:05} Rd5 {(05:34} 26. Bb4 {
(00:36} Kg7 {(02:17} 27. Qc8 {(00:51} Qxc8 {(04:
43} 28. Rxc8 {(00:07} Rd1 {(00:20} 29. Rc2 {(05:32}
Rg1+ {(01:55} 30. Kh3 {(00:06} e5 {(00:42} 31. Bc5 {
(04:12} Ra1 {(01:40} 32. Bxb6 {(00:49} axb6 {(
00:03} 33. Kg2 {(00:18} h5 {(00:32} 34. h4 {(02:36} f6
{(05:34} 35. Kf2 {(01:33} b5 {(00:39} 36. Rc7+ {
(00:38} Kh6 {(00:05} 37. Rc6 {(01:54} Kg7 {(02:
24} 38. Rb6 {(03:13} Rxa2 {(00:07} 39. Rxb5 {(00:02}
Rb2 {(00:43} 40. b4 {(00:00} Kf7 {(00:00} 41. Rb8 {
(03:40} g5 {(03:35} 42. b5 {(08:01} gxh4 {(03:
24} 43. gxh4 {(00:06} Rb4 {(00:28} 44. b6 {(02:44} Kg7
{(00:04} 45. e4 {(06:56} Rb2+ {(09:56} 46. Ke3 {
(00:06} Rb3+ {(00:03} 47. Ke2 {(00:06} Kh7 {(00:
23} 48. b7 {(00:44} Kg7 {(00:25} 49. Kd2 {(00:07} Rb1
{(01:23} 50. Kc3 {(00:17} Rb5 {(01:28} 51. Kc4 {
(00:13} Rb2 {(01:03} 52. Kc5 {(00:21} Rb1 {(04:
55} 53. Kc6 {(00:06} Rc1+ {(00:10} 54. Kd6 {(00:09}
Rd1+ {(00:42} 55. Ke6 {(00:09} Rb1 {(00:05} 56. Rd8 {
(00:06} Rxb7 {(01:10} 57. Rd7+ {(00:07} Rxd7 {(
00:03} 58. Kxd7 {(00:02} Kh7 {(00:14} 59. Kc7 {(01:31}
Kg7 {(00:36} 60. Kc6 {(02:29} Kg6 {(00:29} 61. Kd5 {
(00:48} Kg7 {(00:39} 62. Kc5 {(01:35} Kh7 {(01:
16} 63. Kb6 {(00:47} Kh6 {(00:59} 64. Kb5 {(01:40} Kg7
{(00:42} 65. Kc5 {(00:41} Kh7 {(00:17} 66. Kd5 {
(03:14} Kg7 {(00:27} 67. Kd6 {(00:23} Kh6 {(00:
23} 68. Kc6 {(01:02} Kg6 {(00:17} 69. Kb7 {(00:13} Kh7
{(00:35} 70. Kb6 {(00:21} Kh6 {(00:17} 71. Kc5 {
(00:50} Kh7 {(00:47} 1/2-1/2

[Event "42nd Olympiad Baku 2016 Open"]
[Site "Baku"]
[Date "2016.09.02"]
[Round "1.14"]
[White "McNab, Colin A"]
[Black "Croes, Octavio"]
[Result "1-0"]
[ECO "A15"]
[WhiteElo "2434"]
[BlackElo "1861"]
[PlyCount "77"]
[EventDate "2016.??.??"]
[EventCountry "AZE"]
[WhiteTeam "Schottland"]
[BlackTeam "ARU"]
[WhiteTeamCountry "SCO"]
[TimeControl "40/5400+30:1800+30"]
[WhiteClock "0:11:22"]
[BlackClock "0:08:05"]

1. c4 {(00:00} Nf6 {(00:00} 2. Nf3 {(00:00} c5 {
(00:06} 3. g3 {(00:10} Nc6 {(00:15} 4. Bg2 {(00:
12} d6 {(00:25} 5. Nc3 {(00:47} g6 {(00:15} 6. d4 {
(02:50} cxd4 {(01:09} 7. Nxd4 {(00:07} Bd7 {(00:
18} 8. Nc2 {(02:12} Bg7 {(00:46} 9. O-O {(01:43} O-O {
(00:09} 10. Bf4 {(05:45} a6 {(02:37} 11. Qd2 {(
05:26} Re8 {(04:18} 12. Rfd1 {(06:45} Rc8 {(06:15} 13.
Rac1 {(04:15} Na5 {(07:40} 14. b3 {(04:37} b5 {(
02:32} 15. cxb5 {(10:25} axb5 {(00:14} 16. Nb4 {(01:20]
} Rb8 {(05:38} 17. Bg5 {(08:44} Ng4 {(15:41} 18. h3 {
(04:33} Ne5 {(00:29} 19. Ncd5 {(01:53} f6 {(11:
44} 20. Be3 {(01:51} Nac6 {(01:56} 21. f4 {(03:37}
Nxb4 {(03:43} 22. Nxb4 {(08:32} Nf7 {(00:59} 23. Nc6 {
(00:37} Bxc6 {(00:18} 24. Bxc6 {(00:30} Rf8 {(
00:18} 25. Ba7 {(01:27} Rc8 {(06:13} 26. Bxb5 {(00:49}
Ra8 {(00:26} 27. Bf2 {(01:22} f5 {(05:16} 28. Bc4 {
(02:03} Ra3 {(00:45} 29. Be6 {(01:59} Qa8 {(02:
03} 30. Rc2 {(00:47} Kh8 {(03:57} 31. Bd5 {(03:40} Qa6
{(00:43} 32. Rc6 {(01:15} Qb5 {(03:28} 33. Rb6 {
(02:14} Qa5 {(03:59} 34. Qxa5 {(01:03} Rxa5 {(
00:08} 35. b4 {(01:13} Ra3 {(01:34} 36. b5 {(01:01}
Nd8 {(01:45} 37. Ra6 {(00:37} Rc3 {(01:38} 38. b6 {
(00:42} e6 {(01:15} 39. b7 {(01:05} 1-0

[Event "42nd Olympiad Baku 2016 Open"]
[Site "Baku"]
[Date "2016.09.02"]
[Round "1.21"]
[White "Mctigue, James"]
[Black "Ali, Muhammad Lutfi"]
[Result "0-1"]
[ECO "B06"]
[WhiteElo "2205"]
[BlackElo "2411"]
[PlyCount "72"]
[EventDate "2016.??.??"]
[EventCountry "AZE"]
[WhiteTeam "Amerikanische Jungferninseln"]
[BlackTeam "Indonesien"]
[WhiteTeamCountry "ISV"]
[BlackTeamCountry "INA"]
[TimeControl "40/5400+30:1800+30"]
[WhiteClock "0:02:10"]
[BlackClock "0:36:48"]

1. d4 {(00:00} d6 {(01:29} 2. e4 {(02:57} g6 {(
00:15} 3. Nf3 {(05:12} Bg7 {(00:12} 4. c3 {(00:57} Nf6
{(03:14} 5. Bd3 {(01:46} O-O {(00:48} 6. O-O {(
00:14} Nc6 {(01:42} 7. h3 {(10:50} e5 {(06:29} 8. Nbd2
{(11:45} Nh5 {(01:42} 9. dxe5 {(09:37} dxe5 {(
02:15} 10. Nb3 {(09:05} Nf4 {(01:31} 11. Bxf4 {(00:59}
exf4 {(00:04} 12. Qc2 {(02:10} Ne5 {(03:59} 13. Nxe5 {
(01:32} Bxe5 {(00:05} 14. f3 {(03:31} c6 {(04:
37} 15. Rfd1 {(02:08} a5 {(02:10} 16. a4 {(01:56} Qb6+
{(04:52} 17. Kh1 {(00:35} Be6 {(01:29} 18. Nd2 {
(00:22} Qf2 {(00:40} 19. Rf1 {(07:12} Qc5 {(00:
44} 20. Nb3 {(01:07} Qa7 {(05:25} 21. Rad1 {(04:41}
Rfd8 {(08:02} 22. Nc1 {(04:13} Rd7 {(06:08} 23. Be2 {
(01:48} Rad8 {(00:45} 24. Rxd7 {(00:17} Rxd7 {(
00:04} 25. Rd1 {(00:28} Qe3 {(04:00} 26. Rxd7 {(00:59}
Bxd7 {(00:05} 27. Nd3 {(07:29} Bc7 {(01:27} 28. c4 {
(02:06} Be6 {(02:34} 29. b3 {(02:12} Bb6 {(00:
49} 30. c5 {(00:08} Bd8 {(01:16} 31. Bd1 {(01:24} Bf6
{(00:54} 32. Qe2 {(04:31} Qxe2 {(00:28} 33. Bxe2 {
(00:01} Bxb3 {(00:09} 34. Nxf4 {(00:48} Bxa4 {(
00:08} 35. Nd3 {(00:32} Bd4 {(00:08} 36. Kh2 {(00:18}
Bb5 {(00:33} 0-1

[Event "42nd Olympiad Baku 2016 Open"]
[Site "Baku"]
[Date "2016.09.02"]
[Round "1.27"]
[White "Meftahi, Houssem"]
[Black "Barbosa, Evandro Amorim"]
[Result "0-1"]
[ECO "B48"]
[WhiteElo "2119"]
[BlackElo "2509"]
[PlyCount "118"]
[EventDate "2016.??.??"]
[EventCountry "AZE"]
[WhiteTeam "Tunesien"]
[BlackTeam "Brasilien"]
[WhiteTeamCountry "TUN"]
[BlackTeamCountry "BRA"]
[TimeControl "40/5400+30:1800+30"]
[WhiteClock "0:11:45"]
[BlackClock "0:40:37"]

1. e4 {(00:09} c5 {(00:00} 2. Nf3 {(00:04} e6 {(
00:00} 3. d4 {(00:05} cxd4 {(00:00} 4. Nxd4 {(00:04}
Nc6 {(00:00} 5. Nc3 {(00:05} Qc7 {(00:24} 6. Be3 {
(00:28} a6 {(00:08} 7. Qd2 {(00:05} Nf6 {(00:15]
} 8. O-O-O {(00:31} Nxd4 {(01:41} 9. Bxd4 {(00:59} e5 {
(00:36} 10. Be3 {(01:59} Bb4 {(01:03} 11. f3 {(
02:21} d6 {(00:17} 12. Qe1 {(29:47} Bxc3 {(05:57} 13.
Qxc3 {(04:23} Qxc3 {(00:10} 14. bxc3 {(00:07} Ke7 {
(00:16} 15. Bb6 {(04:42} Be6 {(00:20} 16. a4 {(
06:15} Rhc8 {(00:42} 17. Ba5 {(04:31} Nd7 {(12:36} 18.
Bb4 {(08:33} Nc5 {(02:05} 19. a5 {(00:32} Rc6 {(
03:11} 20. Kd2 {(12:06} Rac8 {(04:01} 21. Ra1 {(01:30}
f6 {(06:47} 22. Bd3 {(02:05} Kf7 {(03:14} 23. Rhb1 {
(00:32} R8c7 {(00:28} 24. Rb2 {(05:05} d5 {(01:
33} 25. Bxc5 {(02:45} Rxc5 {(00:19} 26. Rab1 {(00:08}
Bc8 {(02:35} 27. Ke1 {(02:37} Rxa5 {(11:53} 28. exd5 {
(00:15} Rxd5 {(02:23} 29. Be4 {(00:23} Rdc5 {(
01:50} 30. Bxb7 {(00:24} Rxc3 {(00:49} 31. Bxc8 {(00:
40} Rxc8 {(00:08} 32. Kd2 {(01:49} R8c7 {(03:45} 33.
Ra1 {(00:31} R3c6 {(01:52} 34. Rba2 {(00:43} Rd7+ {
(00:25} 35. Ke2 {(00:13} Kg6 {(01:39} 36. Rd1 {(
02:18} Rdc7 {(00:16} 37. Rd2 {(02:16} h5 {(00:41} 38.
Ra4 {(00:52} Kf5 {(00:44} 39. Kd3 {(00:57} Rc3+ {
(01:09} 40. Ke2 {(00:00} R7c6 {(00:00} 41. Ra2 {
(06:44} g5 {(02:42} 42. h3 {(01:03} h4 {(02:23}
43. Kf2 {(03:38} Kf4 {(00:44} 44. Re2 {(00:53} f5 {
(03:36} 45. Kf1 {(05:59} R3c4 {(01:33} 46. Ra5 {
(00:39} Rxc2 {(09:07} 47. Rexe5 {(05:10} Kg3 {(
04:27} 48. Re2 {(01:24} Rc1+ {(00:37} 49. Re1 {(00:12}
Rxe1+ {(00:28} 50. Kxe1 {(00:09} Kxg2 {(01:16} 51. Rxf5
{(00:06} Rg6 {(00:15} 52. Ke2 {(00:51} Kxh3 {(
00:26} 53. Kf2 {(00:04} Kh2 {(00:51} 54. Ra5 {(00:31}
h3 {(00:27} 55. Ra4 {(00:40} Rb6 {(00:57} 56. Ra1 {
(04:08} Rb2+ {(00:58} 57. Ke3 {(00:52} Kg2 {(01:
14} 58. Ra5 {(00:16} h2 {(00:30} 59. Rxg5+ {(00:37}
Kf1 {(00:10} 0-1

[Event "42nd Olympiad Baku 2016 Open"]
[Site "Baku"]
[Date "2016.09.02"]
[Round "1.21"]
[White "Min, Po-Yen"]
[Black "Forster, Richard"]
[Result "0-1"]
[ECO "E91"]
[WhiteElo "1842"]
[BlackElo "2459"]
[PlyCount "68"]
[EventDate "2016.??.??"]
[EventCountry "AZE"]
[WhiteTeam "Taiwan"]
[BlackTeam "Schweiz"]
[WhiteTeamCountry "TPE"]
[BlackTeamCountry "SUI"]
[TimeControl "40/5400+30:1800+30"]
[WhiteClock "0:00:33"]
[BlackClock "0:01:08"]

1. d4 {(00:00} Nf6 {(00:00} 2. c4 {(00:00} g6 {(
00:00} 3. Nc3 {(00:00} Bg7 {(00:00} 4. e4 {(00:02} d6
{(00:00} 5. Nf3 {(00:06} O-O {(00:27} 6. Be2 {(
00:18} Na6 {(00:35} 7. O-O {(03:08} Qe8 {(00:35} 8. a3
{(07:02} e5 {(03:38} 9. dxe5 {(13:49} dxe5 {(00:
09} 10. b4 {(00:05} c6 {(14:20} 11. h3 {(04:38} Nh5 {
(03:39} 12. Be3 {(32:40} f5 {(17:23} 13. b5 {(
05:02} f4 {(03:00} 14. Bc1 {(05:04} Nc5 {(02:23} 15.
a4 {(02:27} Ne6 {(09:37} 16. Ba3 {(06:57} Rf7 {(
00:45} 17. Na2 {(07:40} Rd7 {(14:35} 18. Qb3 {(02:11}
Nd4 {(07:00} 19. Nxd4 {(00:58} Rxd4 {(01:53} 20. Bc5 {
(02:15} Rd2 {(01:47} 21. Bxh5 {(04:00} gxh5 {(
00:03} 22. Rad1 {(00:07} Rxd1 {(01:04} 23. Rxd1 {(00:
01} Be6 {(00:07} 24. Ba3 {(02:02} cxb5 {(03:58} 25.
axb5 {(00:19} Rc8 {(00:21} 26. Rc1 {(01:06} Qf7 {
(04:00} 27. Qa4 {(00:36} Qg6 {(01:11} 28. f3 {(
00:51} Bxh3 {(01:00} 29. Rc2 {(00:01} Be6 {(08:39} 30.
Qxa7 {(00:41} Qf7 {(00:41} 31. Bc5 {(00:50} Bxc4 {
(01:43} 32. Bf2 {(00:17} Rd8 {(00:46} 33. Qa4 {(
00:39} Bb3 {(00:26} 34. Qa5 {(00:35} Rd1+ {(00:07} 0-1

[Event "42nd Olympiad Baku 2016 Open"]
[Site "Baku"]
[Date "2016.09.02"]
[Round "1.11"]
[White "Mirzaad, S wahabuddin"]
[Black "Shishkov, Andrei"]
[Result "0-1"]
[ECO "E15"]
[WhiteElo "2069"]
[BlackElo "2368"]
[PlyCount "74"]
[EventDate "2016.??.??"]
[EventCountry "AZE"]
[WhiteTeam "Afghanistan"]
[BlackTeam "Estland"]
[WhiteTeamCountry "AFG"]
[BlackTeamCountry "EST"]
[TimeControl "40/5400+30:1800+30"]
[WhiteClock "0:01:23"]
[BlackClock "0:03:03"]

1. d4 {(00:00} Nf6 {(00:00} 2. c4 {(00:18} e6 {(
00:00} 3. Nf3 {(00:12} b6 {(00:00} 4. g3 {(00:44} Ba6
{(00:15} 5. b3 {(01:56} Bb4+ {(00:34} 6. Bd2 {(
00:41} Be7 {(00:12} 7. Bg2 {(00:32} Bb7 {(01:57} 8.
O-O {(00:21} O-O {(00:13} 9. Bc3 {(02:49} d5 {(
05:37} 10. Nbd2 {(01:36} c5 {(04:08} 11. Ne5 {(03:34}
Nc6 {(03:40} 12. Nxc6 {(09:38} Bxc6 {(00:31} 13. dxc5 {
(03:32} bxc5 {(00:54} 14. cxd5 {(01:27} exd5 {(
00:24} 15. Bb2 {(01:06} Rc8 {(09:42} 16. Qc2 {(02:47}
d4 {(08:47} 17. Bxc6 {(01:50} Rxc6 {(00:05} 18. Nc4 {
(02:09} Qd5 {(04:53} 19. Rad1 {(04:20} Qh5 {(09:
20} 20. f3 {(04:48} Nd5 {(02:33} 21. Rf2 {(05:04} Re8
{(04:23} 22. Qd2 {(07:33} Bg5 {(05:40} 23. f4 {(
05:05} Bf6 {(00:13} 24. a3 {(07:32} Rce6 {(06:25} 25.
Re1 {(02:56} g5 {(05:27} 26. f5 {(06:20} Re3 {(
02:39} 27. b4 {(06:59} Nc3 {(10:42} 28. Bxc3 {(01:44}
Rxc3 {(00:16} 29. Nd6 {(01:11} Ree3 {(01:04} 30. bxc5 {
(03:04} Be5 {(06:52} 31. Rg2 {(03:06} Rxc5 {(01:
42} 32. Nb7 {(05:08} Rcc3 {(02:29} 33. Rb1 {(01:35}
Qh3 {(01:02} 34. Rc1 {(04:08} Qxf5 {(01:21} 35. a4 {
(00:24} Rxc1+ {(01:10} 36. Qxc1 {(00:04} Rb3 {(
00:06} 37. Rf2 {(00:54} Qb1 {(00:11} 0-1

[Event "42nd Olympiad Baku 2016 Open"]
[Site "Baku"]
[Date "2016.09.02"]
[Round "1.7"]
[White "Mohammad Minhaz Uddin"]
[Black "Maccapani, Massimiliano"]
[Result "1-0"]
[ECO "B83"]
[WhiteElo "2413"]
[BlackElo "1971"]
[PlyCount "39"]
[EventDate "2016.??.??"]
[EventCountry "AZE"]
[WhiteTeam "Bangladesch"]
[BlackTeam "San Marino"]
[WhiteTeamCountry "BAN"]
[BlackTeamCountry "SMR"]
[TimeControl "40/5400+30:1800+30"]
[WhiteClock "0:43:15"]
[BlackClock "0:50:06"]

1. e4 {(00:00} c5 {(00:00} 2. Nf3 {(00:00} d6 {(
00:00} 3. d4 {(00:14} cxd4 {(00:00} 4. Nxd4 {(00:06}
Nf6 {(00:00} 5. Nc3 {(00:06} e6 {(00:08} 6. Be2 {
(02:42} Be7 {(00:10} 7. O-O {(00:04} Nc6 {(00:
09} 8. Be3 {(00:29} Bd7 {(00:32} 9. f4 {(04:11} Nxd4 {
(00:56} 10. Bxd4 {(01:07} Bc6 {(00:17} 11. Bd3 {
(00:42} Qa5 {(08:43} 12. a3 {(06:03} e5 {(07:52]
} 13. fxe5 {(18:36} dxe5 {(00:11} 14. Rf5 {(00:12} Bd6
{(17:26} 15. b4 {(06:27} Qc7 {(01:44} 16. Nb5 {(
03:47} Bxb5 {(00:41} 17. Bxb5+ {(00:05} Kf8 {(00:49}
18. Be3 {(02:27} Nxe4 {(07:49} 19. Qf3 {(08:28} Nc3 {
(01:57} 20. Rf1 {(00:59} 1-0

[Event "42nd Olympiad Baku 2016 Open"]
[Site "Baku"]
[Date "2016.09.02"]
[Round "1.13"]
[White "Mohamud Hussein Ali"]
[Black "Matamoros Franco, Carlos S"]
[Result "0-1"]
[ECO "C11"]
[WhiteElo "1606"]
[BlackElo "2488"]
[PlyCount "104"]
[EventDate "2016.??.??"]
[EventCountry "AZE"]
[WhiteTeam "Somalia"]
[BlackTeam "Equador"]
[WhiteTeamCountry "SOM"]
[BlackTeamCountry "ECU"]
[TimeControl "40/5400+30:1800+30"]
[WhiteClock "0:36:35"]
[BlackClock "0:30:35"]

1. e4 {(00:00} e6 {(00:00} 2. d4 {(00:00} d5 {(
00:00} 3. Nc3 {(00:00} Nf6 4. e5 {(00:59} Nfd7 {(00:05]
} 5. f4 {(00:59} c5 {(00:11} 6. Nf3 {(00:16} Nc6 {
(00:54} 7. Be3 {(00:59} Be7 {(00:23} 8. Qd2 {(
01:15} O-O {(00:41} 9. O-O-O {(00:58} c4 {(00:10} 10.
f5 {(05:39} b5 {(02:21} 11. f6 {(06:33} gxf6 {(
03:36} 12. Bh6 {(00:35} fxe5 {(00:50} 13. dxe5 {(06:44]
} Ndxe5 {(00:54} 14. h4 {(08:33} Kh8 {(15:35} 15. Nxe5
{(09:11} Nxe5 {(00:20} 16. Qd4 {(00:15} f6 {(03:
54} 17. Bxf8 {(04:31} Bxf8 {(06:35} 18. g4 {(05:03}
Bg7 {(08:19} 19. Kb1 {(07:48} Bd7 {(04:09} 20. Qf4 {
(07:19} Qb8 {(10:29} 21. g5 {(04:17} f5 {(00:40]
} 22. h5 {(03:51} Ng4 {(01:20} 23. Qf3 {(02:39} b4 {
(00:26} 24. Ne2 {(03:20} Qe5 {(00:54} 25. Nd4 {(
02:04} Qe3 {(01:21} 26. Qxe3 {(01:56} Nxe3 {(00:06}
27. Rd2 {(00:18} c3 {(28:18} 28. Rd3 {(00:37} Ng4 {
(01:33} 29. h6 {(01:09} Bf8 {(00:07} 30. Rf3 {(
01:00} Ne5 {(06:03} 31. Re3 {(01:43} Bc5 {(00:05} 32.
Rxe5 {(02:37} Bxd4 {(00:01} 33. Re1 {(00:22} cxb2 {
(01:31} 34. Bg2 {(01:04} Rg8 {(00:46} 35. Rd1 {(
01:01} Bc3 {(00:11} 36. Rhf1 {(03:51} Rxg5 {(00:09}
37. Bxd5 {(00:10} exd5 {(00:24} 38. Rxd5 {(00:08} Be6 {
(01:42} 39. Rd8+ {(01:38} Bg8 {(00:22} 40. Rc8 {
(00:00} Rg6 {(00:00} 41. a3 {(02:18} Rxh6 {(05:
06} 42. axb4 {(00:17} Ra6 {(00:53} 43. Rxc3 {(00:46}
Ra1+ {(00:04} 44. Kxb2 {(00:13} Rxf1 {(00:05} 45. Rc7 {
(00:35} Rf4 {(01:33} 46. c3 {(00:31} Rf2+ {(00:
13} 47. Kc1 {(00:20} h5 {(01:23} 48. Rxa7 {(00:24} h4
{(00:05} 49. Rd7 {(01:13} h3 {(00:23} 50. Rd3 {(
00:54} h2 {(00:09} 51. Rh3+ {(00:08} Kg7 {(00:01} 52.
b5 {(00:24} Bd5 {(00:05} 0-1

[Event "42nd Olympiad Baku 2016 Open"]
[Site "Baku"]
[Date "2016.09.02"]
[Round "1.20"]
[White "Mohannad, Farhan"]
[Black "Volokitin, Andrei"]
[Result "0-1"]
[ECO "E16"]
[WhiteElo "2294"]
[BlackElo "2647"]
[PlyCount "80"]
[EventDate "2016.??.??"]
[EventCountry "AZE"]
[WhiteTeam "Jordanien"]
[BlackTeam "Ukraine"]
[WhiteTeamCountry "JOR"]
[BlackTeamCountry "UKR"]
[TimeControl "40/5400+30:1800+30"]
[WhiteClock "0:31:11"]
[BlackClock "0:32:26"]

1. d4 {(00:00} Nf6 {(00:00} 2. c4 {(00:00} e6 {(
00:58} 3. Nf3 {(00:00} Bb4+ {(00:21} 4. Bd2 {(00:43}
Qe7 {(00:26} 5. Nc3 {(00:57} b6 {(06:41} 6. g3 {
(00:21} Ba6 {(06:50} 7. b3 {(17:43} d5 {(18:47}
8. Bg2 {(14:49} Nbd7 {(08:10} 9. O-O {(13:40} c6 {
(16:55} 10. a3 {(08:08} Bxc3 {(07:19} 11. Bxc3 {
(00:06} dxc4 {(00:05} 12. bxc4 {(00:18} Ne4 {(
13:10} 13. Bb4 {(05:12} c5 {(00:25} 14. Nd2 {(00:25}
Nxd2 {(08:07} 15. Bxd2 {(00:59} O-O-O {(03:18} 16. Qa4
{(04:52} Nb8 {(00:09} 17. d5 {(04:05} exd5 {(02:
13} 18. Bxd5 {(06:30} Qxe2 {(01:18} 19. Bf4 {(01:17}
Rxd5 {(00:48} 20. cxd5 {(00:05} Qc4 {(00:27} 21. Qxc4 {
(01:20} Bxc4 {(00:02} 22. Rfd1 {(01:37} Rd8 {(
00:13} 23. d6 {(01:33} Nc6 {(00:08} 24. Rac1 {(00:10}
Be6 {(00:22} 25. Rd2 {(05:04} Na5 {(01:26} 26. Re1 {
(02:38} Kd7 {(01:35} 27. Rd3 {(01:02} Kc6 {(01:
20} 28. Be5 {(01:24} g6 {(00:11} 29. f4 {(01:17} Rd7 {
(00:30} 30. Kf2 {(02:17} c4 {(01:02} 31. Rdd1 {(
00:33} Nb7 {(00:22} 32. Ke3 {(00:34} b5 {(00:14} 33.
Kd4 {(02:07} Bg4 {(00:32} 34. Rc1 {(01:12} f6 {(
00:37} 35. a4 {(00:32} fxe5+ {(00:17} 36. fxe5 {(00:02]
} a6 {(00:07} 37. axb5+ {(00:03} axb5 {(00:04} 38. Ra1
{(00:13} Nc5 {(00:22} 39. Ra8 {(00:13} Rf7 {(01:
30} 40. Rea1 {(00:00} Nb3+ {(00:00} 0-1

[Event "42nd Olympiad Baku 2016 Open"]
[Site "Baku"]
[Date "2016.09.02"]
[Round "1.9"]
[White "Mohtaat, Homayoun"]
[Black "Ladva, Ottomar"]
[Result "0-1"]
[ECO "A05"]
[WhiteElo "1655"]
[BlackElo "2501"]
[PlyCount "44"]
[EventDate "2016.??.??"]
[EventCountry "AZE"]
[WhiteTeam "Afghanistan"]
[BlackTeam "Estland"]
[WhiteTeamCountry "AFG"]
[BlackTeamCountry "EST"]
[TimeControl "40/5400+30:1800+30"]
[WhiteClock "1:11:00"]
[BlackClock "1:16:25"]

1. Nf3 {(00:00} Nf6 {(00:00} 2. c4 {(00:00} e6 {
(00:08} 3. Nc3 {(00:27} d5 {(01:59} 4. e3 {(03:
13} c5 {(01:22} 5. b3 {(03:43} d4 {(03:48} 6. exd4 {
(01:30} cxd4 {(00:07} 7. Nb5 {(00:59} Nc6 {(01:
02} 8. d3 {(02:02} a6 {(00:44} 9. a4 {(07:24} axb5 {
(00:49} 10. cxb5 {(00:01} Bb4+ {(01:36} 11. Nd2 {
(00:29} Ne5 {(01:49} 12. Be2 {(00:11} Nd5 {(00:
25} 13. O-O {(00:59} b6 {(02:24} 14. Nc4 {(04:40} Nc3
{(01:09} 15. Qc2 {(00:11} Nxc4 {(00:26} 16. Bf3 {
(00:46} Ra7 {(02:49} 17. bxc4 {(00:08} Bb7 {(00:
31} 18. Bxb7 {(00:30} Rxb7 {(00:03} 19. Ba3 {(01:37}
Bxa3 {(02:16} 20. Rxa3 {(00:04} O-O {(00:19} 21. Rfa1 {
(00:43} Ra7 {(00:18} 22. Qb3 {(00:23} Ra5 {(00:
31} 0-1

[Event "42nd Olympiad Baku 2016 Open"]
[Site "Baku"]
[Date "2016.09.02"]
[Round "1.21"]
[White "Mok, Tze-Meng"]
[Black "Navara, David"]
[Result "0-1"]
[ECO "B51"]
[WhiteElo "2373"]
[BlackElo "2742"]
[PlyCount "78"]
[EventDate "2016.??.??"]
[EventCountry "AZE"]
[WhiteTeam "Malaysien"]
[BlackTeam "Tschechien"]
[WhiteTeamCountry "MAS"]
[BlackTeamCountry "CZE"]
[TimeControl "40/5400+30:1800+30"]
[WhiteClock "0:02:00"]
[BlackClock "0:05:56"]

1. e4 {(00:00} c5 {(00:00} 2. Nf3 {(00:00} d6 {(
00:00} 3. Bb5+ {(00:00} Nd7 {(00:00} 4. O-O {(00:01}
a6 {(00:00} 5. Bxd7+ {(00:59} Bxd7 {(00:02} 6. c4 {
(00:04} e5 {(00:31} 7. d3 {(00:34} f5 {(09:04}
8. Nc3 {(03:41} Be7 {(00:37} 9. Rb1 {(04:06} Nf6 {
(06:07} 10. Bg5 {(01:39} O-O {(05:13} 11. h3 {(
19:25} b5 {(11:43} 12. a3 {(11:42} Kh8 {(04:12} 13. b3
{(38:31} Rb8 {(05:43} 14. Bxf6 {(04:27} Rxf6 {(
00:29} 15. a4 {(03:20} b4 {(07:19} 16. Nd5 {(02:00}
Rg6 {(00:10} 17. Kh2 {(00:43} Rh6 {(02:02} 18. Rh1 {
(00:51} g5 {(02:49} 19. Kg1 {(02:35} g4 {(04:23]
} 20. hxg4 {(01:05} Rxh1+ {(00:11} 21. Kxh1 {(00:03}
fxg4 {(00:12} 22. Nh2 {(00:27} h5 {(00:07} 23. f3 {
(02:06} g3 {(00:44} 24. f4 {(01:20} Kg7 {(16:37]
} 25. Nf3 {(00:31} exf4 {(02:00} 26. Nxf4 {(01:12} Bg4
{(00:33} 27. Qe1 {(00:47} h4 {(00:40} 28. Qe3 {(
01:07} Qh8 {(02:03} 29. Nh3 {(00:27} Rf8 {(00:49} 30.
Rf1 {(00:21} Qh6 {(05:58} 31. Qe2 {(00:17} Bf6 {
(00:37} 32. Qe1 {(00:34} Bc3 {(01:14} 33. Qe2 {(
00:01} Bd4 {(03:22} 34. Qe1 {(00:14} Bc3 {(04:00} 35.
Qe2 {(00:02} a5 {(00:06} 36. Kg1 {(00:17} Bd4+ {
(03:21} 37. Kh1 {(00:01} Qe3 {(00:07} 38. Qxe3 {
(01:13} Bxe3 {(00:09} 39. Re1 {(00:47} Rxf3 {(
00:20} 0-1